 Dungeon Crawl Stone Soup version 0.31.0-12-g77e489cdc1 (webtiles) character file.

Game seed: 3023226613497817101

918 Tovical the Fighter (level 8, -3/47 (56) HPs)
             Began as a Tengu Reaver on Mar 3, 2024.
             Was an Initiate of Kikubaaqudgha.
             Slain by an ogre
             ... wielding a +0 giant spiked club
              (21 damage)
             ... on level 4 of the Dungeon.
             The game lasted 00:23:09 (4252 turns).

Tovical the Fighter (Tengu Reaver)                  Turns: 4252, Time: 00:23:09

HP:   -3/47 (56)    AC:  4    Str: 14    XL:     8   Next: 9%
MP:   10/12         EV: 15    Int: 15    God:    Kikubaaqudgha [......]
Gold: 284           SH:  0    Dex: 12    Spells: 8/11 levels left

rFire   . . .        a - +2 whip (freeze)
rCold   . . .        (no shield)
rNeg    . . .        e - +0 leather armour
rPois   .            (helmet restricted)
rElec   .            (no cloak)
rCorr   .            c - +0 pair of gloves
SInv    .            (boots unavailable)
Will    .....        (no amulet)
Stlth   +            (no ring)
HPRegen 0.27/turn    (no ring)
MPRegen 0.13/turn

%: acrobat
@: flying, very slightly contaminated, heavily drained
A: beak, talons 3, evasive flight, acrobatic
a: Renounce Religion


You were on level 4 of the Dungeon.
You worshipped Kikubaaqudgha.
Kikubaaqudgha was noncommittal.
You visited 2 branches of the dungeon, and saw 7 of its levels.

You collected 284 gold pieces.

Inventory:

Hand Weapons
 a - a +2 whip of freezing (weapon)
 b - a +2 dagger of venom
 g - a +0 heavy falchion
Missiles
 f - 4 poisoned darts (quivered)
Armour
 c - a +0 pair of gloves (worn)
 e - a +0 leather armour (worn)
Wands
 d - a wand of flame (7)
Scrolls
 h - a scroll of identify


   Skills:
 + Level 9.2 Fighting
 - Level 3.2 Long Blades
 - Level 2.1 Dodging
 - Level 2.0 Spellcasting
 - Level 4.0 Conjurations


You had 8 spell levels left.
You knew the following spells:

 Your Spells              Type           Power      Damage    Failure   Level
a - Kiss of Death         Conj/Necr      28%        2d7       12%         1
b - Momentum Strike       Conj/Tloc      14%        3d8       19%         2

Your spell library contained the following spells:

 Spells                   Type           Power      Damage    Failure   Level
 Slow                     Hex            4%         N/A       28%         1
 Hailstorm                Conj/Ice       7%         3d5       36%         3
 Confusing Touch          Hex            1%         N/A       63%         3
 Sigil of Binding         Hex            1%         N/A       63%         3
 Summon Ice Beast         Ice/Summ       1%         N/A       63%         3
 Tukima's Dance           Hex            1%         N/A       63%         3
 Vampiric Draining        Necr           1%         2d6       63%         3
 Passage of Golubria      Tloc           1%         N/A       95%         4
 Yara's Violent Unravell  Hex/Alch       0%         3d3       100%        5
 Sculpt Simulacrum        Ice/Alch       0%         N/A       100%        6


Dungeon Overview and Level Annotations

Branches:
Dungeon (6/15)             Temple (1/1) D:4

Altars:
Cheibriados
Dithmenos
Fedhas
Hepliaklqana
Kikubaaqudgha
Okawaru
Ru
Uskayaw
Vehumet
Wu Jian
Xom
The Shining One
Lugonu


Innate Abilities, Weirdness & Mutations

You have a beak for a mouth.
You have claws for feet.
Your magical flight helps you evade attacks. (EV +4)
You can magically evade attacks while moving or waiting.


Message History

Done exploring.
Done exploring.
There is an open door here.
You reach down and open the door.
There is an open door here.
There is a stone staircase leading up here.
You see here a +0 robe.
There is a stone staircase leading down here.
You see here 2 potions of attraction.
You fly downwards.
The ogre hits you with a +0 giant spiked club!!
The gnoll barely misses you.
The gnoll sergeant hits you from afar with a +1 trident of protection.
There is a stone staircase leading up, spattered with blood here.
The orc closely misses you. The gnoll closely misses you.
The ogre hits you with a +0 giant spiked club!
The gnoll sergeant completely misses you.
You fly upwards.
There is a stone staircase leading down here.
You see here 2 potions of attraction.
Okay, then.
Casting: Kiss of Death (safe; 12% risk of failure)
Confirm with . or Enter, or press ? or * to list all spells.
Aiming: Kiss of Death (safe; 12% risk of failure)
Press: ? - help, Shift-Dir - straight line, f - ogre
Aim: an ogre, wielding a +0 giant spiked club (100% to hit)
The negative energy hits the ogre.
The ogre is drained!
The ogre is moderately wounded.
You feel drained. The orc hits you with a +0 club.
Casting: Kiss of Death (safe; 12% risk of failure)
Confirm with . or Enter, or press ? or * to list all spells.
Aiming: Kiss of Death (safe; 12% risk of failure)
Press: ? - help, Shift-Dir - straight line, f/p - ogre
Aim: an ogre, wielding a +0 giant spiked club (moderately wounded, lightly drained, 100% to hit)
You miscast Kiss of Death.
You are very lightly contaminated with residual magic.
Nothing appears to happen.
The ogre hits you with a +0 giant spiked club!!
You die...
Kikubaaqudgha rasps: "You have failed me!
Welcome... death!"

##### ....# ########## ###.#
#......... ###.### #.#######.
......## #.#.....#. ....#..##
#.#.#..... #.###...##### #####
#.#.#.#.#. #...........######...#
#.#.#.#.#. #####...###....O@og..#
#.#.....#. #..## ########...#
#......... #####..# ##.##
#####.#### .......# #####.### #.#
######'## #.......# ###.###
##...## #.###.#.# #.....#
##.....## #.###)#.# #...<.#
##.......## #.....#.# #.#...##
##.>.......####.....#[####......#


You could see an ogre (drained), a gnoll and an orc.

Vanquished Creatures
  Pikel (D:4)
  An ogre (D:4)
  A lemure (D:4)
  A scorpion (D:4)
  A jelly (D:4)
  A sleepcap (D:4)
  2 iguanas (D:4)
  An orc wizard (D:4)
  3 gnolls (D:4)
  6 adders
  A ribbon worm (D:2)
  8 dart slugs
  10 orcs
  4 ball pythons
  7 bats
  10 endoplasms
  5 giant cockroaches
  8 hobgoblins
  5 quokkas
  2 frilled lizards
  3 goblins
  6 kobolds
  A rat (D:1)
88 creatures vanquished.

Notes
Turn   | Place    | Note
-------+----------+-------------------------------------------
     0 | D:1      | Tovical the Tengu Reaver began the quest for the Orb.
     0 | D:1      | Reached XP level 1. HP: 12/12 MP: 4/4
   141 | D:1      | Reached XP level 2. HP: 18/18 MP: 6/6
   144 | D:1      | Learned a level 2 spell: Momentum Strike
   271 | D:1      | Reached skill level 3 in Fighting
   742 | D:2      | Reached XP level 3. HP: 21/23 MP: 7/7
   969 | D:2      | Reached skill level 4 in Fighting
  1459 | D:3      | Reached XP level 4. HP: 27/29 MP: 8/8
  1884 | D:3      | Found a shadowy altar of Dithmenos.
  1904 | D:3      | Reached skill level 5 in Fighting
  1904 | D:3      | Reached XP level 5. HP: 30/35 MP: 9/9
  2121 | D:4      | Found a staircase to the Ecumenical Temple.
  2135 | Temple   | Entered the Ecumenical Temple
  2303 | Temple   | Became a worshipper of Kikubaaqudgha
  2374 | D:4      | Reached skill level 6 in Fighting
  2399 | D:4      | Found a hazy altar of Hepliaklqana.
  2414 | D:4      | Reached XP level 6. HP: 31/41 MP: 10/10
  2628 | D:5      | Entered Level 5 of the Dungeon
  3035 | D:4      | Reached skill level 7 in Fighting
  3176 | D:4      | Found a snail-covered altar of Cheibriados.
  3450 | D:4      | Noticed Pikel
  3690 | D:4      | Killed Pikel
  3691 | D:4      | Reached skill level 9 in Fighting
  3691 | D:4      | Gained mutation: Your magical flight helps you evade
                  | attacks. (EV +4) [Tengu growth]
  3691 | D:4      | Reached XP level 7. HP: 7/51 MP: 9/11
  3691 | D:4      | Reached XP level 8. HP: 7/56 MP: 9/12
  4252 | D:4      | Slain by an ogre

Illustrated notes

Levels and vault maps discovered:
D:1:      psy_arrival_dodecagon, layout_loops_ring
D:2:      minmay_recursive_quarters, layout_rooms
D:3:      layout_rooms, nicolae_dithmenos_the_darkroom
D:4:      minmay_evil_eye, layout_loops_corners, cheibriados_altar_1,
          nicolae_hepliaklqana_hazy_memory, minmay_temple_entry_large_hall,
          minivault_1, minmay_misc_feat_columns, uniq_pikel
D:5:      layout_rooms, zin_purify, demons_altar, uniq_edmund
D:6:      layout_basic, minmay_holes, eino_tiny_chamber, grunt_ministairs_14,
          minmay_unpleasant_kobolds, uniq_prince_ribbit1, uniq_menkaure,
          uniq_eustachio
Temple:   corrupted_temple

Skill      XL: |  1  2  3  4  5  6 |
---------------+-------------------+-----
Fighting       | 3 4 5 6 9 |  9.2
Long Blades    | |  3.2
Dodging        | |  2.1
Spellcasting   | |  2.0
Conjurations   | |  4.0

Action                     |  1- 3 |  4- 6 |  7- 9 || total
---------------------------+-------+-------+-------++-------
  Melee: Falchion          |    74 |    33 |       ||   107
         Peck              |    10 |    27 |     2 ||    39
         Kick              |    15 |    36 |     5 ||    56
         Dagger            |       |   105 |       ||   105
         Punch             |       |     1 |       ||     1
         Whip              |       |       |    14 ||    14
  Throw: Dart              |       |    13 |       ||    13
   Cast: Kiss of Death     |       |     3 |     1 ||     4
    Use: Scroll            |     5 |     4 |       ||     9
         Potion            |       |     9 |       ||     9
 Armour: Leather armour    |    53 |    84 |     9 ||   146
  Dodge: Dodged            |    92 |   124 |    17 ||   233
